AoeStats
← PepePompinn4300

Arena

506390189Analyzed
4v4 RM · 18d ago on Sep 13, 2026· 34m 18s· 8 players
Game mode
Random Map
Map size
Large (8 player)
Population
200
Speed
Normal
Resources
Standard
Victory
Conquest
Starting age
Dark Age
Ending age
Imperial Age
RankedLock teamsTeams togetherTeam positionsShared explorationLock speedFull tech treeHidden civsTurbo modeCheats
Victory
Defeat
1557
+16
1551
+16
1540
+17
1517
+18
🇦🇷 Poles · Argentina
1582
-18
🇵🇱 Khmer · Poland
1578
-18
🇩🇰 Teutons · Denmark
1543
-16
🇹🇼 Persians · Taiwan
1526
-15
3409853472
5:29 Loom
9:04 Feudal Age
10:00 Town Watch
10:44 Fletching
10:48 Double-Bit Axe
17:39 Horse Collar
27:01 Castle Age
30:22 Bow Saw
30:26 Heavy Plow
33:20 Bodkin Arrow
33:25 Padded Archer Armor
ForeveR
11:35 Feudal Age
14:27 Castle Age
12:38 Horse Collar
13:25 Double-Bit Axe
15:30 Bow Saw
15:22 Heavy Plow
15:46 Gold Mining
18:39 Heavy Plow
19:27 Loom
20:32 Stone Mining
22:26 Gold Shaft Mining
23:53 Wheelbarrow
24:37 Stone Shaft Mining
25:20 Scale Barding Armor
25:26 Forging
25:39 Bloodlines
26:33 Husbandry
29:44 Imperial Age
28:00 Town Watch
28:31 Hand Cart
30:40 Chain Barding Armor
30:55 Iron Casting
29:48 Cavalier
33:25 Plate Barding Armor
33:50 Blast Furnace
33:20 Elite Ballista Elephant
34:20 Conscription
chengaopeng044
1:09 Loom
10:54 Feudal Age
15:20 Castle Age
13:39 Double-Bit Axe
15:13 Bloodlines
18:19 Scale Barding Armor
23:11 Wheelbarrow
22:52 Bow Saw
23:56 Town Watch
PepePompinn4300
10:24 Feudal Age
11:08 Loom
14:19 Castle Age
13:15 Double-Bit Axe
15:54 Bow Saw
21:06 Horse Collar
24:08 Heavy Plow
29:53 Wheelbarrow
29:09 Gold Mining
30:13 Scale Barding Armor
30:38 Szlachta Privileges
31:27 Chain Barding Armor
32:37 Bloodlines
32:27 Husbandry
[韓粉戰隊] 鋼鐵韓粉
8:41 Loom
10:27 Feudal Age
15:03 Castle Age
19:14 Fletching
20:46 Bodkin Arrow
28:14 Double-Bit Axe
28:14 Horse Collar
31:31 Ballistics
32:16 Padded Archer Armor
32:50 Town Watch
33:41 Wheelbarrow
33:55 Leather Archer Armor
[韓粉戰隊] 台北庶民
10:47 Feudal Age
14:28 Castle Age
13:24 Double-Bit Axe
13:20 Horse Collar
16:31 Bow Saw
21:04 Loom
23:20 Wheelbarrow
33:09 Imperial Age
31:51 Scale Mail Armor
32:49 Fortified Wall
32:03 Pikeman
32:43 Squires
33:21 Hand Cart
33:32 Halberdier
[韓粉戰隊] 南飄賣菜郎
11:59 Feudal Age
15:46 Castle Age
13:55 Double-Bit Axe
14:06 Gold Mining
15:37 Loom
23:55 Imperial Age
22:17 Bow Saw
22:19 Horse Collar
28:44 Heavy Plow
30:25 Bloodlines
30:35 Husbandry
30:50 Scale Barding Armor
32:45 Devotion
33:52 Chain Barding Armor
[韓粉戰隊] 跟著月亮走
9:06 Feudal Age
9:38 Double-Bit Axe
9:44 Horse Collar
12:30 Loom
16:12 Wheelbarrow
20:02 Castle Age
18:41 Scale Barding Armor
18:31 Gold Mining
19:39 Bloodlines
19:40 Forging
22:06 Gold Shaft Mining
22:41 Chain Barding Armor
26:54 Iron Casting
30:45 Hand Cart
36:08 Imperial Age
Connection lost

Rejoining the realm…

Still unreachable

The connection could not be restored.

Session expired

The server has moved on; the page needs a fresh start.